[Event "Titled Tuesday Blitz October 12 2021"]
[White "Shkapenko, Pavel"]
[Black "Zhigalko, Sergei"]
[WhiteFideId "4151933"]
[BlackFideId "13502956"]
[WhiteElo "2386"]
[BlackElo "2662"]
[Result "0-1"]
[Round "08"]
[TimeControl "180+1"]
[Date "2021.10.12"]
[WhiteClock "0:00:01"]
[BlackClock "0:00:03"]

1. e4 c5 2. c3 Nf6 3. e5 Nd5 4. d4 cxd4 5. cxd4 Nc6 6. Nc3 e6 7. Nf3 d6 8. Bd3 Be7 9. O-O O-O 10. Qc2 h6 11. Qe2 Bd7 12. Qe4 f5 13. exf6 Nxf6 14. Qe2 Nb4 15. Bc4 Nbd5 16. Nh4 Qe8 17. Re1 Qf7 18. Bd3 g5 19. Ng6 Rfe8 20. Nxe7+ Rxe7 21. Bd2 Rf8 22. Ne4 Nxe4 23. Bxe4 Nf4 24. Bxf4 Qxf4 25. Rad1 Ref7 26. f3 a6 27. Bxb7 g4 28. Qe4 Qxe4 29. Bxe4 d5 30. Bb1 gxf3 31. gxf3 Rxf3 32. Rf1 Bb5 33. Rxf3 Rxf3 34. Kg2 Re3 35. Rd2 a5 36. Bc2 Kg7 37. Kf2 Rh3 38. Kg2 Re3 39. Kf2 Rh3 40. Kg2 Rh5 41. Kg3 Rg5+ 42. Kf4 Kf6 43. b3 Rg1 44. Rf2 h5 45. Ke3+ Ke7 46. Kd2 Rg4 47. Ke3 Rh4 48. Bd1 Re4+ 49. Kd2 Rxd4+ 50. Kc1 h4 51. h3 Kd6 52. Bg4 Bd7 53. Rf6 Rd3 54. Rh6 Rg3 55. Rxh4 Rg2 56. Rh6 d4 57. Rg6 Ke5 58. Bf5 Rf2 59. Bg4 Rh2 60. Rg7 Kd6 61. Rg5 Bc6 62. Rg6 Bd5 63. Rg5 Rxa2 64. Bd1 Rh2 65. Rg3 e5 66. Bg4 e4 67. Bf5 e3 68. Bd3 Bxb3 69. Rg5 a4 70. Rb5 Rxh3 71. Kb2 Rh2+ 0-1


[Site "https://www.chess.com"]

[Event "Titled Tuesday Blitz October 12 2021"]
[White "Sinitsina, Anastassia"]
[Black "Maly, Alexey"]
[WhiteFideId "4504640"]
[BlackFideId "14103184"]
[WhiteElo "2161"]
[BlackElo "2294"]
[Result "0-1"]
[Round "08"]
[TimeControl "180+1"]
[Date "2021.10.12"]
[WhiteClock "0:00:44"]
[BlackClock "0:00:50"]

1. Nf3 c5 2. g3 Nc6 3. Bg2 g6 4. O-O Bg7 5. c4 e6 6. Nc3 Nge7 7. d4 cxd4 8. Nb5 d5 9. cxd5 Nxd5 10. Nbxd4 Nxd4 11. Nxd4 O-O 12. Nb3 b6 13. Qc2 Bb7 14. Rd1 Rc8 15. Qd2 Qe7 16. a3 Rfd8 17. Qe1 Rc2 18. Be4 Rc4 19. Bd3 Rc7 20. e4 Nf6 21. Bg5 h6 22. Bxf6 Qxf6 23. Rab1 Rcd7 24. Qe2 h5 25. h4 Qe5 26. Rd2 Bh6 27. f4 Qb8 28. Bb5 Rxd2 29. Nxd2 Qd6 30. Rd1 Bg7 31. b4 Bc3 0-1


[Site "https://www.chess.com"]

[Event "Titled Tuesday Blitz October 12 2021"]
[White "Smirnov, Pavel"]
[Black "King, Alexander"]
[WhiteFideId "4123425"]
[BlackFideId "2063620"]
[WhiteElo "2571"]
[BlackElo "2306"]
[Result "0-1"]
[Round "08"]
[TimeControl "180+1"]
[Date "2021.10.12"]
[WhiteClock "0:00:06"]
[BlackClock "0:01:13"]

1. d4 d5 2. c4 e6 3. Nf3 Nf6 4. Nc3 Be7 5. Bf4 O-O 6. e3 b6 7. Be2 Bb7 8. O-O c5 9. dxc5 Bxc5 10. cxd5 Nxd5 11. Nxd5 Qxd5 12. Qc2 Nc6 13. Rad1 Nb4 14. Rxd5 Nxc2 15. Rd7 Bc8 16. Rd2 Nb4 17. Ne5 Ba6 18. Bxa6 Nxa6 19. Nd7 Rfc8 20. a3 f6 21. Rfd1 e5 22. Bg3 Be7 23. f4 exf4 24. Bxf4 Nc5 25. g4 Ne6 26. Bg3 Rc4 27. h3 Rac8 28. Kg2 Rc2 29. h4 h6 30. Kf3 b5 0-1


[Site "https://www.chess.com"]

[Event "Titled Tuesday Blitz October 12 2021"]
[White "Solomon, Kenny"]
[Black "Mikhalevski, Victor"]
[WhiteFideId "14300192"]
[BlackFideId "2801914"]
[WhiteElo "2415"]
[BlackElo "2577"]
[Result "0-1"]
[Round "08"]
[TimeControl "180+1"]
[Date "2021.10.12"]
[WhiteClock "0:00:12"]
[BlackClock "0:01:06"]

1. d4 Nf6 2. c4 g6 3. Nc3 d5 4. cxd5 Nxd5 5. e4 Nxc3 6. bxc3 Bg7 7. Qa4+ Qd7 8. Qa3 b6 9. Nf3 O-O 10. Be3 c5 11. Rd1 Bb7 12. d5 e6 13. c4 Re8 14. Be2 exd5 15. exd5 Na6 16. O-O Nb4 17. Qb3 Qf5 18. a3 Qc2 19. Rb1 Qxb3 20. Rxb3 Nc2 21. Bd1 Nxe3 22. fxe3 Re4 23. Nd2 Re7 24. Bf3 Bh6 25. Kf2 Rae8 26. Re1 f5 27. d6 Rd7 28. Bxb7 Rxb7 29. Rd3 Rd7 30. Nf3 Re6 31. Red1 Bf8 32. a4 h6 33. g3 Kg7 34. Rd5 Kf6 35. R1d3 Rdxd6 36. Rxd6 Bxd6 37. Nd2 h5 38. Kf3 g5 39. Kf2 g4 40. Ra3 Bc7 41. Rb3 Kg5 42. Rb5 h4 43. a5 Rd6 44. Ke2 Rd8 45. Nf1 Re8 46. axb6 axb6 47. Kf2 Ra8 48. Rb2 Ra4 49. Rc2 Be5 50. Nd2 Ra3 51. Nb1 Rb3 52. Nd2 Rd3 53. Ke2 Rd8 54. Kf2 Rd7 55. Nf1 Rd1 56. Ke2 Ra1 57. Rd2 Rc1 58. Rd5 Kf6 59. Kd2 Rxf1 0-1


[Site "https://www.chess.com"]

[Event "Titled Tuesday Blitz October 12 2021"]
[White "Stoleriu, George"]
[Black "Abdyzhapar, Asylbek"]
[WhiteFideId "1227505"]
[BlackFideId "13800337"]
[WhiteElo "2199"]
[BlackElo "2383"]
[Result "0-1"]
[Round "08"]
[TimeControl "180+1"]
[Date "2021.10.12"]
[WhiteClock "0:00:02"]
[BlackClock "0:01:02"]

1. e4 c6 2. d4 d5 3. Nc3 dxe4 4. Nxe4 Nf6 5. Nxf6+ exf6 6. Bc4 Be7 7. Bf4 O-O 8. Ne2 Na6 9. O-O Nc7 10. Bb3 Nd5 11. Bg3 a5 12. c4 Nb6 13. Qd3 a4 14. Bc2 g6 15. Qc3 f5 16. Rad1 Bf6 17. Be5 Nd7 18. Bd6 Re8 19. Qg3 Rxe2 20. Bxf5 Nf8 21. Bc7 Qe7 22. Bd6 Qe8 23. Bd3 Re6 24. Bf5 Rxd6 25. Qxd6 Be7 26. Rfe1 Bxd6 27. Rxe8 gxf5 28. c5 Bc7 29. d5 cxd5 30. Rxd5 Kg7 31. Rxf5 Bxf5 32. Rxa8 Bd7 33. Kf1 Ne6 34. g3 Nxc5 35. h4 Be6 36. a3 Be5 37. Ra5 Bd4 38. Kg2 Bd5+ 39. Kh2 Bc6 40. f4 Nd3 41. b4 axb3 42. Rg5+ 0-1


[Site "https://www.chess.com"]

[Event "Titled Tuesday Blitz October 12 2021"]
[White "Sviridov, Valery"]
[Black "Obregon, Andres Carlos"]
[WhiteFideId "4120680"]
[BlackFideId "111724"]
[WhiteElo "2454"]
[BlackElo "2572"]
[Result "1-0"]
[Round "08"]
[TimeControl "180+1"]
[Date "2021.10.12"]
[WhiteClock "0:00:20"]
[BlackClock "0:00:07"]

1. Nf3 Nf6 2. g3 g6 3. Bg2 Bg7 4. O-O O-O 5. c4 d6 6. Nc3 e5 7. d4 Nc6 8. dxe5 dxe5 9. Bg5 Be6 10. Qa4 Qc8 11. Nd2 Bd7 12. Bxf6 Bxf6 13. Nd5 Bg7 14. Ne4 Kh8 15. Nc5 Be8 16. e3 f5 17. b4 e4 18. Rad1 Ne5 19. Qc2 Bf7 20. Ne7 Qe8 21. Nd5 Rc8 22. Nxb7 Rb8 23. Na5 c6 24. Nf4 Rxb4 25. Rb1 Qe7 26. c5 Rfb8 27. Rxb4 Rxb4 28. Nb3 g5 29. Ne2 Nd3 30. Ned4 Qd7 31. f3 exf3 32. Bxf3 Ne5 33. Nxf5 Rc4 34. Qb1 Nxf3+ 35. Rxf3 Bd5 36. Rf2 Be4 37. Qf1 Bd3 38. Qh3 Qe6 39. g4 a5 40. Qf3 Be4 41. Nxg7 Kxg7 42. Qf8+ Kg6 43. Qd6 Qxd6 44. cxd6 Rc3 45. d7 Rd3 46. Nd4 1-0


[Site "https://www.chess.com"]

[Event "Titled Tuesday Blitz October 12 2021"]
[White "Sydoryka, Vladyslav"]
[Black "Assaubayeva, Bibisara"]
[WhiteFideId "14145928"]
[BlackFideId "13708694"]
[WhiteElo "2282"]
[BlackElo "2232"]
[Result "0-1"]
[Round "08"]
[TimeControl "180+1"]
[Date "2021.10.12"]
[WhiteClock "0:00:02"]
[BlackClock "0:00:19"]

1. c4 Nf6 2. g3 g6 3. Bg2 Bg7 4. Nc3 O-O 5. d3 Nc6 6. Nf3 d6 7. O-O e5 8. Rb1 a5 9. a3 h6 10. b4 axb4 11. axb4 Be6 12. b5 Ne7 13. Bb2 Qd7 14. Re1 Nh5 15. Ra1 Bh3 16. Bh1 f5 17. Qc2 f4 18. Rxa8 Rxa8 19. Ra1 Rf8 20. Nd2 fxg3 21. hxg3 Nf5 22. Nde4 Nd4 23. Qd1 Bg4 24. Ra7 b6 25. f3 Bf5 26. e3 Ne6 27. g4 Bxe4 28. Nxe4 Nf6 29. Nf2 Nh7 30. Bg2 Nhg5 31. Ne4 Nxe4 32. dxe4 Ng5 33. Qd5+ Kh8 34. Ra8 Qe7 35. Ba3 Kh7 36. Rxf8 Qxf8 37. Kf2 h5 38. gxh5 gxh5 39. f4 Qf6 40. f5 h4 41. Qd1 Qh6 42. Qg4 Bf6 43. Bf1 Kg7 44. Bb4 Kf8 45. Be1 Ke7 46. Kg2 h3+ 47. Kh2 Qh8 48. Be2 Qa8 49. Bd3 Qa2+ 50. Be2 Qc2 51. Bh4 Nf7 52. Bxf6+ Kxf6 53. Kxh3 Qd2 54. Qg6+ Ke7 55. Qe6+ Kf8 0-1


[Site "https://www.chess.com"]

[Event "Titled Tuesday Blitz October 12 2021"]
[White "Tabatabaei, M. Amin"]
[Black "Urazayev, Arystanbek"]
[WhiteFideId "12521213"]
[BlackFideId "13709810"]
[WhiteElo "2555"]
[BlackElo "2321"]
[Result "1-0"]
[Round "08"]
[TimeControl "180+1"]
[Date "2021.10.12"]
[WhiteClock "0:01:44"]
[BlackClock "0:00:08"]

1. b3 d5 2. Bb2 Nf6 3. Nf3 e6 4. g3 Be7 5. Bg2 O-O 6. O-O b6 7. c4 Bb7 8. d4 dxc4 9. bxc4 c5 10. e3 Nbd7 11. Qe2 Qc7 12. Rd1 Rac8 13. Na3 a6 14. Rac1 Rfd8 15. Nb1 Ne4 16. Nbd2 Ndf6 17. Nxe4 Bxe4 18. Ne5 Bxg2 19. Kxg2 Qb7+ 20. Qf3 Qxf3+ 21. Kxf3 cxd4 22. Bxd4 Nd7 23. Nxd7 Rxd7 24. Bxb6 Rxd1 25. Rxd1 Rxc4 26. Rd7 Bb4 27. Rd8+ Bf8 28. Ra8 f6 29. Rxa6 Rc2 30. a4 Bb4 31. a5 Kf7 32. Ra8 Ra2 33. a6 Ba5 34. Bc5 Be1 35. a7 f5 36. e4 fxe4+ 37. Kxe4 Bxf2 38. Bxf2 Rxf2 39. Rb8 1-0


[Site "https://www.chess.com"]

[Event "Titled Tuesday Blitz October 12 2021"]
[White "Tristan, Leonardo"]
[Black "Siva Mahadevan"]
[WhiteFideId "113816"]
[BlackFideId "25043153"]
[WhiteElo "2404"]
[BlackElo "2203"]
[Result "0-1"]
[Round "08"]
[TimeControl "180+1"]
[Date "2021.10.12"]
[WhiteClock "0:00:04"]
[BlackClock "0:00:38"]

1. d4 Nf6 2. Nf3 g6 3. Bf4 Bg7 4. e3 O-O 5. Be2 d6 6. O-O Nbd7 7. h3 b6 8. Bh2 Bb7 9. a4 a6 10. Nbd2 Re8 11. a5 b5 12. c4 b4 13. c5 dxc5 14. Rc1 Ne4 15. Nxe4 Bxe4 16. Nd2 Bd5 17. Nb3 e5 18. dxc5 Bc6 19. Bc4 Qe7 20. Qe2 Nf8 21. Bxa6 Ne6 22. Bc4 Ng5 23. Rfd1 h5 24. Bd5 Bxd5 25. Rxd5 Qe6 26. Qc4 Qf5 27. Nd4 Qf6 28. Nb3 Qf5 29. Qxb4 Reb8 30. Qc4 Ne4 31. f3 Ng5 32. h4 Nxf3+ 33. gxf3 Qxf3 34. Qc3 Qxd5 35. Nd2 e4 36. Qc2 Rxb2 37. Qxe4 Rxd2 38. Qxd5 Rxd5 39. Bxc7 Bh6 40. Kf2 Rd3 41. Rc2 Rxe3 42. c6 Re6 43. Bb6 Rc8 44. c7 Bf4 45. Kf3 Rf6 46. Ke4 Bg3 47. Kd5 Rd6+ 48. Kc5 Rd7 49. Kb5 Bxc7 50. Rc6 Rb8 51. Ka6 Bxb6 52. axb6 Rdb7 53. Rc8+ Rxc8 54. Kxb7 Rc1 55. Ka7 Rb1 56. b7 f5 57. b8=Q+ Rxb8 58. Kxb8 f4 0-1


[Site "https://www.chess.com"]

[Event "Titled Tuesday Blitz October 12 2021"]
[White "Van Foreest, Jorden"]
[Black "Nakamura, Hikaru"]
[WhiteFideId "1039784"]
[BlackFideId "2016192"]
[WhiteElo "2600"]
[BlackElo "2884"]
[Result "1-0"]
[Round "08"]
[TimeControl "180+1"]
[Date "2021.10.12"]
[WhiteClock "0:00:16"]
[BlackClock "0:00:03"]

1. a3 g6 2. d4 Bg7 3. Nf3 Nf6 4. Bf4 Nh5 5. Bd2 c5 6. c3 Qb6 7. b4 d6 8. e3 a5 9. b5 O-O 10. a4 e5 11. dxe5 dxe5 12. e4 Rd8 13. Na3 Nd7 14. Nc4 Qc7 15. Qc2 h6 16. g3 b6 17. Be3 Bb7 18. Nfd2 Nf8 19. O-O-O Ne6 20. f3 Nf6 21. Be2 Rac8 22. Kb1 Ne8 23. Nb3 h5 24. Rxd8 Rxd8 25. Rd1 Rc8 26. Qd3 Rd8 27. Qc2 Bf6 28. Rxd8 Bxd8 29. Qd3 Bg5 30. Bxg5 Nxg5 31. h4 Nh7 32. Bf1 Bc8 33. Qd5 Be6 34. Qa8 Nf6 35. Nbd2 Kf8 36. Qc6 Nd7 37. Kc2 Ke7 38. Ne3 Qxc6 39. bxc6 Nb8 40. Nd5+ Bxd5 41. exd5 Kd6 42. Ne4+ Kc7 43. g4 hxg4 44. fxg4 f5 45. gxf5 gxf5 46. Ng3 Nf6 47. Bc4 f4 48. Nf5 e4 49. Kd2 Nh5 50. Bb5 e3+ 51. Ke2 Nf6 52. d6+ 1-0


[Site "https://www.chess.com"]

[Event "Titled Tuesday Blitz October 12 2021"]
[White "Vokhidov, Shamsiddin"]
[Black "Timmermans, Mark"]
[WhiteFideId "14204223"]
[BlackFideId "1026399"]
[WhiteElo "2616"]
[BlackElo "2460"]
[Result "1-0"]
[Round "08"]
[TimeControl "180+1"]
[Date "2021.10.12"]
[WhiteClock "0:02:10"]
[BlackClock "0:00:52"]

1. e4 e5 2. Nf3 Nc6 3. Bb5 f5 4. Nc3 fxe4 5. Nxe4 d5 6. Nxe5 dxe4 7. Nxc6 Qg5 8. Qe2 Nf6 9. f4 Qxf4 10. d4 Qh4+ 11. g3 Qh3 12. Ne5+ c6 13. Bc4 Be6 14. Bg5 O-O-O 15. O-O-O Bd6 16. Rhf1 Rhf8 17. Bxf6 gxf6 18. Bxe6+ Qxe6 19. Nc4 Bc7 20. Kb1 Rde8 21. c3 f5 22. Ne3 f4 23. gxf4 Rxf4 24. Rxf4 Bxf4 25. d5 Qh3 26. dxc6 Qxe3 27. Qb5 Re7 28. cxb7+ Rxb7 29. Qc6+ 1-0


[Site "https://www.chess.com"]

[Event "Titled Tuesday Blitz October 12 2021"]
[White "Yeletsky, Ivan"]
[Black "Zarnicki, Pablo"]
[WhiteFideId "24180327"]
[BlackFideId "100137"]
[WhiteElo "2352"]
[BlackElo "2467"]
[Result "1-0"]
[Round "08"]
[TimeControl "180+1"]
[Date "2021.10.12"]
[WhiteClock "0:01:21"]
[BlackClock "0:00:01"]

1. e4 c5 2. Nf3 e6 3. g3 Nc6 4. Bg2 Nf6 5. Qe2 d5 6. exd5 Nxd5 7. O-O Be7 8. Rd1 O-O 9. d4 cxd4 10. Nxd4 Nxd4 11. Rxd4 Qb6 12. Rd1 Bf6 13. c4 Ne7 14. Nc3 Nf5 15. Ne4 Bd4 16. Qc2 e5 17. c5 Qc7 18. Rb1 Be6 19. b4 a5 20. b5 Rac8 21. Ba3 Rfd8 22. Ng5 Bd7 23. c6 bxc6 24. bxc6 h6 25. Nxf7 Kxf7 26. Bd5+ Kf6 27. g4 Ne7 28. Bxe7+ Kxe7 29. Rxd4 Be6 30. Bxe6 Rxd4 31. Bxc8 Qxc8 32. Rb7+ Kf8 33. h3 Qd8 34. Qf5+ Kg8 35. Qf7+ 1-0


[Site "https://www.chess.com"]

[Event "Titled Tuesday Blitz October 12 2021"]
[White "Yoo, Christopher Woojin"]
[Black "Mirzoev, Azer"]
[WhiteFideId "30909694"]
[BlackFideId "13400304"]
[WhiteElo "2105"]
[BlackElo "2525"]
[Result "1/2-1/2"]
[Round "08"]
[TimeControl "180+1"]
[Date "2021.10.12"]
[WhiteClock "0:00:03"]
[BlackClock "0:00:09"]

1. e4 e5 2. Nf3 Nc6 3. Bb5 Nge7 4. O-O a6 5. Ba4 d6 6. d4 Bd7 7. dxe5 dxe5 8. Nc3 Ng6 9. Nd5 Bd6 10. c3 O-O 11. Bg5 f6 12. Be3 Kh8 13. Bc2 Nce7 14. c4 Nxd5 15. exd5 b6 16. Re1 a5 17. a3 Qe7 18. Rc1 Bc5 19. Qd2 Qd6 20. h3 Ne7 21. Qc3 Nf5 22. Bxc5 bxc5 23. Bxf5 Bxf5 24. Nd2 a4 25. Ne4 Bxe4 26. Rxe4 Rfb8 27. Re2 Rb3 28. Qc2 Rab8 29. h4 h6 30. Rb1 Qd7 31. Qg6 Qe8 32. Qf5 Qc8 33. Qe4 Qd7 34. Rd2 Qd6 35. h5 Qe7 36. Qg6 Qe8 37. Qf5 Qc8 38. Qe4 Qg8 39. Qg6 Qh7 40. g3 Qg8 41. Rbd1 Rxb2 42. Rxb2 Rxb2 43. d6 cxd6 44. Rxd6 Rb8 45. Qe4 Rd8 46. Rxd8 Qxd8 47. Kg2 Qd4 48. Qa8+ Kh7 49. Qxa4 e4 50. Qc2 f5 51. a4 Qe5 52. a5 f4 53. gxf4 Qxf4 54. a6 Qf3+ 55. Kf1 Qh1+ 56. Ke2 Qxh5+ 57. Ke1 Qh1+ 58. Kd2 Qf3 59. a7 Qxf2+ 60. Kc1 Qe1+ 61. Kb2 Qb4+ 62. Qb3 Qd2+ 63. Ka3 Qa5+ 64. Qa4 Qc3+ 65. Ka2 Qd2+ 66. Kb1 Qe1+ 67. Kc2 Qe2+ 68. Kc1 Qe1+ 69. Kb2 Qd2+ 70. Qc2 Qb4+ 71. Qb3 Qd2+ 72. Ka3 Qa5+ 73. Qa4 Qc3+ 74. Ka2 Qd2+ 75. Kb1 Qe1+ 76. Kb2 Qd2+ 77. Qc2 Qb4+ 1/2-1/2


[Site "https://www.chess.com"]

[Event "Titled Tuesday Blitz October 12 2021"]
[White "Zaitsev, Alexander"]
[Black "Salinas Herrera, Pablo"]
[WhiteFideId "4164490"]
[BlackFideId "3407128"]
[WhiteElo "2317"]
[BlackElo "2541"]
[Result "0-1"]
[Round "08"]
[TimeControl "180+1"]
[Date "2021.10.12"]
[WhiteClock "0:00:13"]
[BlackClock "0:00:04"]

1. e4 e5 2. Nc3 Nf6 3. Bc4 Bc5 4. f4 d6 5. Nf3 Nc6 6. d3 exf4 7. Bxf4 Bg4 8. Qd2 Qe7 9. O-O-O O-O-O 10. Bg5 Qe8 11. Kb1 Be6 12. Nd5 Bxd5 13. Bxd5 Ne7 14. Bb3 Nd7 15. Rhf1 f6 16. Bh4 Ng6 17. Bg3 Kb8 18. Rfe1 Bb6 19. d4 h5 20. h4 Ndf8 21. a3 Ne7 22. Bh2 Qg6 23. Ka1 d5 24. exd5 Nf5 25. c4 a6 26. c5 Ba7 27. Bc2 Qg4 28. Re4 Qg6 29. Rf4 Rxd5 30. Be4 Ne6 31. Bxd5 Nxf4 32. Qxf4 Ka8 33. Be4 Qxg2 34. Bxf5 Re8 35. Bb1 Bb8 36. d5 Qh3 37. d6 cxd6 38. cxd6 Rd8 39. Bg3 Qg2 40. Be4 Qe2 41. Qf5 Qxd1+ 42. Ka2 Bxd6 43. Qg5 fxg5 0-1


[Site "https://www.chess.com"]

[Event "Titled Tuesday Blitz October 12 2021"]
[White "Abdyzhapar, Asylbek"]
[Black "Warmerdam, Max"]
[WhiteFideId "13800337"]
[BlackFideId "1048104"]
[WhiteElo "2383"]
[BlackElo "2537"]
[Result "0-1"]
[Round "09"]
[TimeControl "180+1"]
[Date "2021.10.12"]
[WhiteClock "0:00:40"]
[BlackClock "0:01:15"]

1. d4 d5 2. c4 e6 3. Nc3 a6 4. cxd5 exd5 5. Bf4 Nf6 6. e3 Bd6 7. Bg3 O-O 8. Bd3 c6 9. Qc2 Re8 10. Nf3 Bg4 11. Ne5 Be6 12. f4 c5 13. O-O cxd4 14. exd4 Qb6 15. Bf2 Nc6 16. Qd2 Ne7 17. h3 Bb4 18. Qd1 Bf5 19. Na4 Qa5 20. a3 Bd6 21. b4 Qd8 22. Nc5 b6 23. Nb7 Qb8 24. Nxd6 Qxd6 25. Rc1 Bxd3 26. Qxd3 Ne4 27. Be3 a5 28. b5 f6 29. Nc6 Nf5 30. Rce1 h5 31. g4 hxg4 32. hxg4 Nh6 33. f5 Qg3+ 34. Kh1 Qh3+ 35. Kg1 Qxg4+ 36. Kh2 Qh4+ 37. Kg2 Qg3+ 38. Kh1 Ng4 0-1


[Site "https://www.chess.com"]

[Event "Titled Tuesday Blitz October 12 2021"]
[White "Assaubayeva, Bibisara"]
[Black "Siva Mahadevan"]
[WhiteFideId "13708694"]
[BlackFideId "25043153"]
[WhiteElo "2232"]
[BlackElo "2203"]
[Result "0-1"]
[Round "09"]
[TimeControl "180+1"]
[Date "2021.10.12"]
[WhiteClock "0:00:04"]
[BlackClock "0:00:13"]

1. d4 Nf6 2. c4 g6 3. Nc3 Bg7 4. e4 O-O 5. Be2 d6 6. Be3 e5 7. d5 Na6 8. g4 Nc5 9. f3 h5 10. g5 Nh7 11. h4 f6 12. gxf6 Bxf6 13. Bf2 Be7 14. Kd2 c6 15. Kc2 cxd5 16. cxd5 Bd7 17. Rc1 Rc8 18. Kb1 b5 19. Nxb5 Nxe4 20. Rxc8 Qxc8 21. fxe4 Rxf2 22. Nc3 Nf6 23. Nf3 Ng4 24. Rg1 Qc5 25. Nd2 Qd4 26. Nf3 Qe3 27. Re1 Qb6 28. Nd2 Bxh4 29. Rg1 Qd4 30. a4 Bg5 31. Nf3 Qxd1+ 32. Bxd1 Bf6 33. b4 Kg7 34. b5 Ne3 35. Be2 h4 36. a5 Bc8 37. b6 axb6 38. a6 Bxa6 39. Bxa6 Rxf3 40. Bc8 h3 41. Rh1 h2 42. Rxh2 Nf1 43. Rc2 Ne3 44. Rc1 Nc4 45. Ba6 Bg5 46. Rg1 Be3 47. Rd1 Nd2+ 48. Kc2 Bd4 49. Ne2 Nxe4 50. Nxd4 exd4 51. Rxd4 Nc5 52. Rb4 Nxa6 53. Rxb6 Nc5 54. Rxd6 Rf5 55. Rd8 Ne4 56. Kd3 Nf6 57. d6 Rd5+ 58. Ke3 Kf7 59. Kf4 Ke6 60. Ra8 Rxd6 61. Kg5 Rd5+ 62. Kxg6 Nd7 63. Re8+ Kd6 64. Re1 Ne5+ 65. Kf5 Nd3+ 0-1


[Site "https://www.chess.com"]

[Event "Titled Tuesday Blitz October 12 2021"]
[White "Avila Pavas, Santiago"]
[Black "Moskalenko, Alexander"]
[WhiteFideId "4437128"]
[BlackFideId "4155351"]
[WhiteElo "2292"]
[BlackElo "2515"]
[Result "0-1"]
[Round "09"]
[TimeControl "180+1"]
[Date "2021.10.12"]
[WhiteClock "0:00:02"]
[BlackClock "0:00:19"]

1. d4 Nf6 2. Nf3 e6 3. g3 b6 4. Bg2 Bb7 5. c4 Be7 6. Nc3 Ne4 7. O-O Nxc3 8. bxc3 O-O 9. Qc2 Nc6 10. d5 Na5 11. Rd1 Nxc4 12. dxe6 fxe6 13. Ng5 Bxg5 14. Bxb7 Rb8 15. Be4 Bxc1 16. Bxh7+ Kh8 17. Raxc1 Qf6 18. e3 Ne5 19. Be4 d5 20. Bg2 Nf3+ 21. Bxf3 Qxf3 22. c4 c5 23. cxd5 exd5 24. Rd2 Rf5 25. Rcd1 Re8 26. Qa4 Re6 27. Qxa7 Rh6 28. Qd7 c4 29. Rf1 Rfh5 30. h4 Rxh4 31. Qd8+ Kh7 32. Qxh4 Rxh4 33. gxh4 Qg4+ 34. Kh2 Qxh4+ 35. Kg2 Qg4+ 36. Kh2 Qh5+ 37. Kg2 c3 38. Rd4 c2 39. Rd2 b5 40. f3 b4 41. Rg1 d4 42. exd4 Qg5+ 0-1


[Site "https://www.chess.com"]

[Event "Titled Tuesday Blitz October 12 2021"]
[White "Begmuratov, Khumoyun"]
[Black "Stoleriu, George"]
[WhiteFideId "14210207"]
[BlackFideId "1227505"]
[WhiteElo "1948"]
[BlackElo "2199"]
[Result "1-0"]
[Round "09"]
[TimeControl "180+1"]
[Date "2021.10.12"]
[WhiteClock "0:00:46"]
[BlackClock "0:00:18"]

1. b3 e5 2. Bb2 Nc6 3. e3 d5 4. Bb5 Ne7 5. Bxe5 a6 6. Bxc6+ Nxc6 7. Bb2 Qg5 8. Qf3 Bd6 9. h4 Qh6 10. g4 Ne5 11. Bxe5 Bxe5 12. d4 Bd6 13. Ne2 c6 14. Nf4 Bxf4 15. exf4 Qe6+ 16. Qe3 Qxe3+ 17. fxe3 Bxg4 18. Rg1 h5 19. Nc3 O-O-O 20. Kd2 Rhe8 21. Rg3 Rd6 22. a4 f6 23. a5 Rde6 24. Na4 Rg8 25. Nc5 Re7 26. c4 g5 27. hxg5 fxg5 28. fxg5 Rxg5 29. Rag1 Rf7 30. e4 dxe4 31. Nxe4 Rg6 32. Kc3 Kc7 33. Nc5 Rgf6 34. Kb4 Rf4 35. Kc3 Rf3+ 36. Rxf3 Rxf3+ 37. Kd2 Rf2+ 38. Ke3 Rf3+ 39. Ke4 Rf2 40. Ke5 Rf5+ 41. Ke4 Rf7 42. Ke3 Rg7 43. Ne6+ Bxe6 44. Rxg7+ Kd6 45. Rh7 Bg4 46. Rxb7 h4 47. Rh7 h3 48. Ke4 Ke6 49. Rh4 Bf5+ 50. Kf4 Kf6 51. d5 cxd5 52. cxd5 Bd7 53. Kg3 Ke5 54. Rh6 Bb5 55. d6 Bd7 56. b4 Kd5 57. Kh2 Kc6 58. Kg3 Kd5 59. Rh7 Kxd6 60. Rh6+ Be6 61. b5 Kd7 62. Rxe6 1-0


[Site "https://www.chess.com"]

[Event "Titled Tuesday Blitz October 12 2021"]
[White "Bortnyk, Olexandr"]
[Black "Le, Tuan Minh"]
[WhiteFideId "14120828"]
[BlackFideId "12401153"]
[WhiteElo "2723"]
[BlackElo "2450"]
[Result "1-0"]
[Round "09"]
[TimeControl "180+1"]
[Date "2021.10.12"]
[WhiteClock "0:00:08"]
[BlackClock "0:00:05"]

1. e4 c5 2. Nf3 Nf6 3. e5 Nd5 4. Nc3 e6 5. Ne4 f5 6. Nc3 Ne7 7. h4 Nbc6 8. h5 a6 9. d3 d5 10. exd6 Qxd6 11. g3 Nd5 12. Bg2 Be7 13. h6 g6 14. Nxd5 exd5 15. O-O O-O 16. Bf4 Qd8 17. Qd2 Be6 18. Rfe1 Qd7 19. c3 d4 20. cxd4 cxd4 21. Ne5 Nxe5 22. Bxe5 Rfe8 23. Bxd4 Bf7 24. Bc3 Rad8 25. Qf4 Bf8 26. a3 b5 27. Bf6 Rc8 28. d4 Qd6 29. Be5 Qd7 30. Re2 Bc4 31. Rd2 Bd5 32. Re1 Bxg2 33. Kxg2 Rcd8 34. Kg1 Qd5 35. Rde2 Rc8 36. Bf6 Rxe2 37. Rxe2 Kf7 38. Be5 Qc4 39. Re1 Qd5 40. Qg5 Be7 41. Qd2 Bf8 42. Qf4 Re8 43. Qc1 Qd7 44. b4 Rc8 45. Qg5 Be7 46. Qf4 Qd5 47. Bg7 Bd6 48. Qg5 Kg8 49. Qf6 f4 50. Qe6+ Qxe6 51. Rxe6 Rd8 52. gxf4 Kf7 53. Rf6+ Ke7 54. Kg2 Bc7 55. Rxa6 Bxf4 56. Bf6+ Kd7 57. Bxd8 Kxd8 58. Rb6 Bxh6 59. Rxb5 Bc1 60. a4 Bb2 61. d5 Kd7 62. Rb7+ Kd6 63. a5 Bd4 64. a6 h5 65. a7 1-0


[Site "https://www.chess.com"]

[Event "Titled Tuesday Blitz October 12 2021"]
[White "Budrewicz, Krzysztof"]
[Black "Koksik_13"]
[WhiteFideId "1127950"]
[WhiteElo "2242"]
[BlackElo "2723"]
[Result "0-1"]
[Round "09"]
[TimeControl "180+1"]
[Date "2021.10.12"]
[WhiteClock "0:00:11"]
[BlackClock "0:00:09"]

1. d4 e6 2. c4 d5 3. Nc3 a6 4. g3 dxc4 5. Bg2 Nf6 6. a4 Nc6 7. Nf3 Be7 8. O-O O-O 9. e4 Na5 10. Be3 Nb3 11. Ra2 c5 12. d5 exd5 13. exd5 Bf5 14. Ne5 Na5 15. Qe2 Bd6 16. Nxc4 Nxc4 17. Qxc4 Nd7 18. a5 Ne5 19. Qa4 Re8 20. Raa1 Ng4 21. Bf4 Bd7 22. Qc4 Bb5 23. Nxb5 axb5 24. Qc1 Nf6 25. Be3 c4 26. Bb6 Bc7 27. Bxc7 Qxc7 28. Qc3 Qc5 29. b4 Qd6 30. Rad1 Re5 31. f4 Re7 32. Bf3 Rae8 33. Qd4 Re3 34. Qc5 Qd7 35. d6 h5 36. Qb6 h4 37. Qxb7 Qe6 38. d7 Rd8 39. Qxb5 hxg3 40. hxg3 Qh3 41. Qg5 c3 42. a6 c2 43. Rc1 Rxd7 44. Qh4 Qe6 45. Qh2 Qxa6 46. Qxc2 Rd8 47. Qc4 Qb6 48. Qc5 Qe6 49. b5 g6 50. b6 Kg7 51. b7 Rb3 52. Qe5 Qb6+ 53. Kg2 Rd2+ 54. Be2 Re3 55. Qxe3 Qxe3 56. Rf2 Rxe2 57. Rxe2 Qxe2+ 58. Kh3 Qh5+ 59. Kg2 Qd5+ 60. Kh3 Qxb7 0-1


[Site "https://www.chess.com"]

[Event "Titled Tuesday Blitz October 12 2021"]
[White "Deac, Bogdan-Daniel"]
[Black "Van Foreest, Jorden"]
[WhiteFideId "1226380"]
[BlackFideId "1039784"]
[WhiteElo "2605"]
[BlackElo "2600"]
[Result "1/2-1/2"]
[Round "09"]
[TimeControl "180+1"]
[Date "2021.10.12"]
[WhiteClock "0:00:06"]
[BlackClock "0:00:19"]

1. e4 a6 2. d4 b6 3. c4 Bb7 4. Nc3 d6 5. f4 e5 6. dxe5 Nd7 7. exd6 Bxd6 8. Nf3 Bb4 9. Bd2 Qe7 10. Qe2 Ngf6 11. Nd5 Bxd5 12. exd5 Ne4 13. O-O-O Nxd2 14. Nxd2 O-O-O 15. Qxe7 Bxe7 16. Nf3 Rhe8 17. Bd3 Bf6 18. Rhe1 g6 19. Kc2 a5 20. g3 Nc5 21. Ne5 Bxe5 22. fxe5 Nd7 23. e6 fxe6 24. dxe6 Nc5 25. Bf1 Rxd1 26. Kxd1 Kd8 27. Bh3 Ke7 28. Rf1 Rf8 29. Rxf8 Kxf8 30. Kd2 Ke7 31. Ke3 Nxe6 32. Bxe6 Kxe6 33. Ke4 c6 34. b3 b5 35. cxb5 cxb5 36. Kd4 Kd6 37. a3 Kc6 38. h3 Kd6 39. h4 h5 40. b4 a4 41. Ke4 Ke6 42. Kf4 Kd5 43. Kg5 Kc4 44. Kxg6 Kb3 45. Kxh5 Kxa3 46. g4 Kxb4 47. g5 a3 48. g6 a2 49. g7 a1=Q 50. g8=Q Qd4 51. Qg4 Qc4 52. Kg5 Kc5 53. h5 Qxg4+ 54. Kxg4 b4 55. h6 b3 56. h7 b2 57. h8=Q b1=Q 58. Qc3+ Kd5 59. Qf3+ Qe4+ 60. Qxe4+ Kxe4 1/2-1/2


[Site "https://www.chess.com"]